 Dungeon Crawl Stone Soup version 0.21.0-22-g11d5b52 (webtiles) character file.

2848 Mgcat the Basher (level 9, -14/51 HPs)
             Began as a Gargoyle Fighter on Jan 17, 2018.
             Killed from afar by a gargoyle (26 damage)
             ... with a stone arrow
             ... on level 7 of the Dungeon on Jan 18, 2018.
             The game lasted 00:17:43 (7695 turns).

Mgcat the Basher (Gargoyle Fighter)                 Turns: 7695, Time: 00:17:45

Health: -14/51     AC: 14    Str: 22    XL:     9   Next: 74%
Magic:  9/9        EV:  9    Int: 13    God:    Xom [.*....]
Gold:   294        SH:  0    Dex: 14    Spells: 8/8 levels left

rFire    + . .     SeeInvis .   s - +3 flail (drain)
rCold    . . .     Gourm    .   (no shield)
rNeg     + . .     Faith    .   D - +1 scale mail of Etetedi {rC+ Str-3 Int+4 Stlth+}
rPois    ∞         Spirit   .   (no helmet)
rElec    +         Reflect  .   (no cloak)
rCorr    .         Harm     .   (no gloves)
MR       ++...                  (no boots)
Stlth    +.........             C - amulet of regeneration
HPRegen  0.57/turn              A - ring of fire
MPRegen  0.11/turn              (no ring)

@: mighty, radiating poison
A: agile 1, magic resistance 2, negative energy resistance 1, screaming 1,
electricity resistance, unbreathing, petrification resistance, rot immunity, AC
+6
a: Renounce Religion


You were on level 7 of the Dungeon.
You worshipped Xom.
You were a plaything of Xom.
You were not hungry.

You visited 1 branch of the dungeon, and saw 7 of its levels.
You also visited: Ossuary.

You collected 294 gold pieces.

Inventory:

Hand Weapons
 s - a +3 flail of draining (weapon)
Armour
 D - the +1 scale mail of Etetedi (worn) {rC+ Str-3 Int+4 Stlth+}
   (You found it on level 6 of the Dungeon)

   It affects your strength (-3).
   It affects your intelligence (+4).
   It protects you from cold.
   It makes you more stealthy.
Jewellery
 A - a ring of fire (left hand)
 C - an amulet of regeneration (around neck)
Wands
 g - a wand of enslavement (15)
 q - a wand of digging (19)
 r - a wand of paralysis (18)
Scrolls
 b - a scroll of immolation {unknown}
 c - a scroll of magic mapping {unknown}
 e - 5 scrolls of identify
 i - a scroll of enchant weapon
 k - a scroll of fear
 m - 6 scrolls of remove curse
 u - 3 scrolls of teleportation
 x - a scroll of amnesia
 y - a scroll of fog
Potions
 a - a potion of agility
 j - 2 potions of resistance
 l - a potion of curing
 o - 2 potions of degeneration
 p - 3 potions of haste
 t - a potion of cancellation
 v - 3 potions of brilliance
 w - 2 potions of lignification
 z - a potion of mutation
Comestibles
 f - 13 rations
 h - 5 chunks of flesh


   Skills:
 - Level 3.2 Fighting
 + Level 12.8 Maces & Flails
 - Level 3.2 Armour
   Level 3.2 Shields


You had 8 spell levels left.
You didn't know any spells.

Dungeon Overview and Level Annotations

Branches:
Dungeon (7/15)             Temple (0/1) D:6

Altars:
Dithmenos
Qazlal
Ru
Xom
Yredelemnul


Innate Abilities, Weirdness & Mutations

You are resistant to torment.
Your stone body is resilient. (AC +6)
You are immune to poison.
You resist negative energy. (rN+)
You are resistant to electric shocks. (rElec)
You can survive without breathing.
You are immune to petrification.
You are immune to rotting.
You are agile. (Dex +2)
You are highly resistant to hostile enchantments. (MR++)
You occasionally shout uncontrollably at your foes.


Message History

You feel very mighty all of a sudden. Xom's power flows through you!
You begin to radiate toxic energy.
The gargoyle hurls a stone arrow at you.
The stone arrow hits you!
You thump the gargoyle!
The gargoyle is heavily damaged.
The gargoyle hurls a stone arrow at you.
The stone arrow hits you!
* * * LOW HITPOINT WARNING * * *
A shower of butterflies erupts from you!
Unknown command.
You sock the gargoyle!
The gargoyle is almost destroyed.
You kill your butterfly! x3
The gargoyle hurls a stone arrow at you.
The stone arrow hits you!
Ouch! That really hurt!
You die...
Xom howls with laughter!

#..........# ### #......†...# ..#
#..........# #####
#.###..........# #....
#..##..........# #.###
##.............# #######.#.#
##............## #.......#..
...#######....#########.#####.#..
.### ## ###..99@................
.# ##+.+## #...########..######.[
###+.....+###..# #.......#.. #
#.......#8#..# #.#####.#.#
##+............# #....##.#..
##....8........# ####.##.### #
+............# #.#<...) #
#.......#8#..# #.######
###'.....)###..# #.......


You could see 2 gargoyles.

Vanquished Creatures
  A gargoyle (D:7)
  Grinder (D:3)
  Sigmund (D:6)
  Edmund (D:4)
  A sky beast (D:5)
  A phantom (D:7)
  A centaur (D:7)
  An ogre (D:7)
  A big kobold (D:7)
  A bullfrog (D:5)
  3 scorpions
  5 killer bees (D:7)
  2 howler monkeys (D:7)
  2 crimson imps (D:6)
  A centaur zombie (D:7)
  3 hounds
  2 jellies
  2 centaur skeletons
  3 orc priests
  3 iguanas
  Ijyb (D:4)
  4 worker ants
  5 orc wizards
  13 mummies (Ossuary)
  Robin (D:3)
  A howler monkey zombie (D:6)
  A worker ant zombie (D:5)
  4 gnolls (D:6)
  5 adders
  A howler monkey skeleton (D:6)
  3 shadow imps
  3 oozes
  2 adder skeletons
  An adder zombie (D:5)
  2 worms
  2 dart slugs
  6 leopard geckos
  6 orcs
  2 bats
  5 giant cockroaches
  15 goblins
  10 hobgoblins
  7 jackals (D:3)
  4 quokkas
  2 ball pythons (D:2)
  4 frilled lizards
  2 gnoll skeletons (Ossuary)
  A goblin skeleton (Ossuary)
  11 kobolds
  4 kobold skeletons (Ossuary)
  An orc skeleton (Ossuary)
  9 rats
  11 rat skeletons (Ossuary)
185 creatures vanquished.

Vanquished Creatures (others)
  A hound (D:6)
  A rat (D:3)
2 creatures vanquished.

Grand Total: 187 creatures vanquished

Notes
Turn   | Place    | Note
-------+----------+-------------------------------------------
     0 | D:1      | Mgcat the Gargoyle Fighter began the quest for the Orb.
     0 | D:1      | Reached XP level 1. HP: 14/14 MP: 1/1
   147 | D:1      | Reached XP level 2. HP: 19/19 MP: 2/2
   323 | D:1      | Reached skill level 3 in Maces & Flails
   452 | D:1      | Reached XP level 3. HP: 23/23 MP: 3/3
  1585 | D:2      | Reached skill level 4 in Maces & Flails
  1639 | D:2      | Reached XP level 4. HP: 28/28 MP: 4/4
  1863 | D:3      | Noticed Grinder
  1879 | D:3      | Killed Grinder
  1879 | D:3      | Reached skill level 6 in Maces & Flails
  1879 | D:3      | Reached XP level 5. HP: 21/32 MP: 5/5
  1879 | D:3      | Reached XP level 6. HP: 24/37 MP: 6/6
  2147 | D:3      | Noticed Robin
  2168 | D:3      | Killed Robin
  2400 | D:3      | Found a basalt altar of Yredelemnul.
  2464 | D:3      | Found a stormy altar of Qazlal.
  2669 | D:3      | Found a shadowy altar of Dithmenos.
  2837 | D:3      | Upgraded the game from 0.21.0-3-g78d12a8 to 0.21.0-22-g11d5b52
  2923 | D:4      | Found a shimmering altar of Xom.
  2924 | D:4      | Found a shimmering altar of Xom.
  2924 | D:4      | Found a shimmering altar of Xom.
  2926 | D:4      | Found a shimmering altar of Xom.
  2930 | D:4      | Became a worshipper of Xom of Malicious Giggling
  2936 | D:4      | XOM: harmless Air miscast
  2959 | D:4      | XOM: potion effect (invisibility)
  2974 | D:4      | Reached skill level 7 in Maces & Flails
  3167 | D:4      | XOM: divination: magic mapping
  3236 | D:4      | XOM: divination: magic mapping
  3252 | D:4      | Reached XP level 7. HP: 36/41 MP: 7/7
  3298 | D:4      | Noticed Edmund
  3308 | D:4      | XOM: harmless Chrm miscast
  3311 | D:4      | Killed Edmund
  3535 | D:4      | Reached skill level 8 in Maces & Flails
  3654 | D:4      | Noticed Ijyb
  3665 | D:4      | Killed Ijyb
  4023 | D:4      | XOM: harmless Pois miscast
  4041 | D:5      | Entered Level 5 of the Dungeon
  4048 | D:5      | XOM: divination: detect creatures
  4055 | D:5      | XOM: harmless Hex miscast
  4073 | D:5      | Found a sand-covered staircase.
  4079 | Ossuary  | Entered an ossuary
  4506 | Ossuary  | XOM is BORED!
  4506 | Ossuary  | XOM: silly message
  4553 | Ossuary  | XOM: divination: magic mapping
  4639 | Ossuary  | XOM is BORED!
  4639 | Ossuary  | XOM: harmless Ice miscast
  4895 | Ossuary  | Reached skill level 9 in Maces & Flails
  4895 | Ossuary  | Reached XP level 8. HP: 26/46 MP: 8/8
  4989 | Ossuary  | XOM: silly message
  5231 | D:5      | XOM: potion effect (berserk rage)
  5577 | D:5      | XOM: silly message
  5745 | D:5      | XOM: silly message
  5804 | D:5      | XOM: scenery: create altars
  5808 | D:5      | Reached skill level 10 in Maces & Flails
  5979 | D:5      | XOM: scenery: 1 doors open
  6187 | D:5      | XOM: scenery: create altars
  6233 | D:5      | XOM: give mutations
  6233 | D:5      | Gained mutation: You are agile. (Dex +2) [Xom's grace]
  6233 | D:5      | Gained mutation: You are resistant to hostile enchantments. (MR+) [Xom's grace]
  6233 | D:5      | Gained mutation: You are highly resistant to hostile enchantments. (MR++) [Xom's grace]
  6391 | D:6      | XOM: enchant monster (bad)
  6393 | D:6      | XOM: fog
  6475 | D:6      | Found a staircase to the Ecumenical Temple.
  6501 | D:6      | Noticed Sigmund
  6508 | D:6      | XOM: cleaving
  6527 | D:6      | Killed Sigmund
  6527 | D:6      | Reached skill level 11 in Maces & Flails
  6626 | D:6      | XOM: give mutation
  6626 | D:6      | Gained mutation: You occasionally shout uncontrollably at your foes. [Xom's mischief]
  6635 | D:6      | XOM: polymorph worker ant -> rat
  6640 | D:6      | Reached XP level 9. HP: 51/51 MP: 9/9
  6703 | D:6      | Found a sacrificial altar of Ru.
  6779 | D:6      | Got a fine robe
  6843 | D:6      | Got a jewelled scale mail
  6855 | D:6      | Identified the cursed +1 scale mail of Etetedi {rC+ Str-3 Int+4 Stlth+} (You found it on level 6 of the Dungeon)
  6955 | D:6      | XOM: divination: detect items
  7140 | D:7      | XOM: smoke on damage
  7386 | D:7      | XOM: confuse monster(s)
  7415 | D:7      | XOM: smoke on damage
  7420 | D:7      | Reached skill level 12 in Maces & Flails
  7628 | D:7      | Noticed a gargoyle
  7637 | D:7      | Killed a gargoyle
  7676 | D:7      | Noticed a gargoyle
  7678 | D:7      | Noticed a gargoyle
  7693 | D:7      | XOM: cast spell 'Olgreb's Toxic Radiance'
  7694 | D:7      | XOM: butterfly on damage
  7695 | D:7      | Killed from afar by a gargoyle

Skill      XL: |  1  2  3  4  5  6  7  8  9 |
---------------+----------------------------+-----
Maces & Flails | 3 4 6 7 9 11 12 | 12.8
Fighting       | |  3.2
Armour         | |  3.2
Shields        | |  3.2

Action                   |  1- 3 |  4- 6 |  7- 9 || total
-------------------------+-------+-------+-------++-------
Melee: Flail             |   134 |   153 |   444 ||   731
  Use: Potion            |       |     1 |     3 ||     4
       Scroll            |       |       |    20 ||    20
 Stab: Invisible         |       |     2 |       ||     2
       Confused          |       |       |     1 ||     1
  Eat: Chunk             |     2 |     6 |    11 ||    19
       Ration            |       |       |     1 ||     1
Armor: Scale mail        |    84 |   100 |   223 ||   407
Dodge: Dodged            |    56 |    87 |   157 ||   300
Block: Shield            |    23 |       |       ||    23
